 Dungeon Crawl Stone Soup version 0.28-a0-479-g5baa6b73be (webtiles) character file.

Game seed: 17690356071867955382

1350 Rennog the Magician (level 8, 0/69 HPs)
             Began as a Yellow Draconian Fire Elementalist on Sept 18, 2021.
             Was an Initiate of Vehumet.
             Slain by a yak (8 damage)
             ... on level 5 of the Dungeon.
             The game lasted 00:14:22 (6807 turns).

Rennog the Magician (DrFE)                          Turns: 6807, Time: 00:14:22

Health: 0/69       AC: 24    Str:  8 (10) XL:     8   Next: 36%
Magic:  3/17       EV:  2    Int: 18      God:    Vehumet [......]
Gold:   781        SH:  0    Dex: 10      Spells: 12/19 levels left

rFire   . . .      SeeInvis .   i - staff of cold
rCold   + . .      Faith    .   (no shield)
rNeg    + + +      Spirit   .   (armour unavailable)
rPois   +          Reflect  .   (helmet currently unavailable)
rElec   .          Harm     .   (cloak currently unavailable)
rCorr   .          Rampage  .   (gloves currently unavailable)
Will    .....      NoTele   +   (boots currently unavailable)
Stlth   ++........              (no amulet)
HPRegen 0.21/turn               (no ring)
MPRegen 0.15/turn               (no ring)

@: tree-form, slowed, very slow
A: stationary, stasis, torment immunity, boosted hp, (spit acid), AC +6,
unfitting armour, (cold-blooded), (acid resistance), clumsy 1, deterioration 1,
frail 3
a: Renounce Religion


You were on level 5 of the Dungeon.
You worshipped Vehumet.
Vehumet was noncommittal.
You were a tree.
You visited 2 branches of the dungeon, and saw 7 of its levels.

You collected 781 gold pieces.

Inventory:

Missiles
 h - 175 stones
Magical Staves
 i - a staff of cold (weapon)
 l - a staff of air
Jewellery
 r - an amulet of faith
Scrolls
 b - 2 scrolls of amnesia {unknown}
 c - 3 scrolls of teleportation
 f - a scroll of silence {unknown}
 j - 4 scrolls of identify {unknown}
 o - 4 scrolls of enchant weapon
 q - a scroll of magic mapping {unknown}
 s - a scroll of fog {unknown}
 t - a scroll of acquirement {unknown}
 u - a scroll of fear {unknown}
 v - a scroll of summoning {unknown}
Potions
 a - 2 potions of lignification
 d - 2 potions of mutation {unknown}
 e - a potion of curing {unknown}
 g - a potion of magic {unknown}
 k - 2 potions of haste {unknown}
 m - a potion of attraction {unknown}
 n - 2 potions of heal wounds {unknown}
 p - a potion of might {unknown}


   Skills:
 + Level 4.6 Fighting
 - Level 1.7 Dodging
 - Level 1.7 Stealth
 * Level 6.1 Spellcasting
 * Level 4.9 Conjurations
 + Level 5.3 Fire Magic


You had 12 spell levels left.
You knew the following spells:

 Your Spells              Type           Power      Damage    Failure   Level
a - Foxfire               Conj/Fire      96%        2x1d8     1%          1
b - Scorch                Fire           48%        2d7       1%          2
c - Flame Wave            Conj/Fire      24%        3d6       14%         4

Your spell library contained the following spells:

 Spells                   Type           Power      Damage    Failure   Level
 Conjure Flame            Conj/Fire      24%        6-21      4%          3
 Apportation              Tloc           10%        N/A       12%         1
 Inner Flame              Hex/Fire       15%        N/A       12%         3
 Olgreb's Toxic Radiance  Pois           5%         N/A       75%         4
 Alistair's Intoxication  Tmut/Pois      3%         N/A       97%         5
 Invisibility             Hex            2%         N/A       100%        6
 Ozocubu's Refrigeration  Ice            4%         4d5       100%        7
 Ignition                 Fire           12%        3d6       100%        8


Dungeon Overview and Level Annotations

Branches:
Dungeon (6/15)             Temple (1/1) D:4

Altars:
Cheibriados
Dithmenos
Fedhas
Hepliaklqana
Nemelex Xobeh
Okawaru
Qazlal
Ru
Sif Muna
Trog
Uskayaw
Vehumet
Wu Jian
Xom
Yredelemnul
Zin
The Shining One

Annotations:
D:5 2 transporters, meepyknight's ghost, novice GrFi


Innate Abilities, Weirdness & Mutations

You are a tree.
Your roots penetrate the ground, keeping you stationary.
You cannot be teleported.
You are immune to unholy pain and torment.
Your maximum health is greatly increased.
Your equipment is partially melded.
((You can spit globs of acid.))
((Your golden yellow scales are hard. (AC +6)))
You cannot fit into any form of body armour.
((You are cold-blooded and may be slowed by cold attacks.))
((You are resistant to acid. (rCorr)))
You are clumsy. (Dex -2)
Your body sometimes deteriorates upon taking damage.
You are extremely frail. (-30% HP)


Message History

The yak gores you.
Casting: Scorch (safe; 1% risk of failure)
Confirm with . or Enter, or press ? or * to list all spells.
Flames lash the yak.
The yak is heavily wounded.
The yak's fire resistance burns away.
The yak gores you!
Unknown command.
The yak is no longer more vulnerable to fire.
There is an open door here.
The divine experience drains your vigour!
You feel yourself slow down. The yak barely misses you. The yak gores you.
There is an escape hatch in the ceiling here.
The yak gores you!
Your body deteriorates!
You feel weakened. A mysterious force pulls you upwards.
The hatch slams shut behind you.
Level annotation: 2 transporters, meepyknight's ghost, novice GrFi
Casting: Scorch (safe; 1% risk of failure)
Confirm with . or Enter, or press ? or * to list all spells.
Flames lash the yak.
The yak is heavily wounded.
The yak's fire resistance burns away.
The yak misses you. The yak gores you!
* * * LOW HITPOINT WARNING * * *
Your body deteriorates!
You feel weakened.
It was a potion of lignification.
You turn into a tree.
Your roots penetrate the ground.
The yak gores you but does no damage.
You hit the yak.
The yak is severely wounded.
The yak is no longer more vulnerable to fire.
The yak gores you.
* * * LOW HITPOINT WARNING * * *
The yak gores you but does no damage.
You hit the yak but do no damage.
The yak is heavily wounded.
The yak gores you but does no damage. x2
You hit the yak but do no damage.
The yak is heavily wounded.
The yak gores you!
You die...

.............##......))).#.......
.........#...........###>....#...
......##......#.....###.)..###...
..............#.....# #.....##...
...........#.#......# #....##....
...........#........####)#.......
...........#..........##)#.......
...............#......##.........
##......##.....#♣...........#....
..##....##......Y.......#..##....
....#.#.#...##.............#.....
...........###...##........##....
......##...#...............####..
..<...##....#................##.#
......###..##......##........####
.......#...........#..........###
##...........#v............#....#


You could see a yak.

Vanquished Creatures
  Prince Ribbit (D:5)
  2 necrophages
  An ogre (D:4)
  A kobold brigand (D:5)
  A bullfrog (D:6)
  3 scorpions (D:5)
  A water moccasin skeleton (D:6)
  A howler monkey (D:6)
  A centaur zombie (D:6)
  A bullfrog zombie (D:6)
  2 jellies
  A centaur skeleton (D:6)
  A hound (D:6)
  A bullfrog skeleton (D:6)
  3 iguanas
  6 gnolls
  9 adders
  A shadow imp (D:6)
  An ufetubus (D:4)
  An adder skeleton (D:2)
  An adder zombie (D:2)
  12 orcs
  A bat zombie (D:2)
  2 endoplasms
  2 giant cockroaches (D:1)
  7 goblins
  3 hobgoblins
  4 jackals (D:5)
  12 kobolds
  3 quokkas
  4 ball pythons
  3 bats (D:1)
  6 frilled lizards
  A giant cockroach zombie (D:2)
  2 rats
102 creatures vanquished.

Vanquished Creatures (collateral kills)
  2 foxfires (D:2)
2 creatures vanquished.

Vanquished Creatures (others)
  An iguana (D:5)
  317 foxfires
  6 plants (D:5)
  A withered plant (D:2)
325 creatures vanquished.

Grand Total: 429 creatures vanquished

Notes
Turn   | Place    | Note
-------+----------+-------------------------------------------
     0 | D:1      | Rennog the Draconian Fire Elementalist began the quest for
                  | the Orb.
     0 | D:1      | Reached XP level 1. HP: 14/14 MP: 3/3
   306 | D:1      | Reached XP level 2. HP: 20/22 MP: 1/5
   352 | D:1      | Found a faded altar of an unknown god.
   365 | D:1      | Became a worshipper of Xom the Fickle
   917 | D:2      | Reached skill level 1 in Fighting
  1021 | D:2      | Reached XP level 3. HP: 19/28 MP: 0/6
  1055 | D:2      | XOM: 5-stop teleportation journey
  1059 | D:2      | Learned a level 2 spell: Scorch
  1209 | D:2      | XOM: silly message
  1270 | D:2      | XOM: 3-stop teleportation journey
  1508 | D:2      | XOM: silly message
  1739 | D:2      | Reached XP level 4. HP: 26/35 MP: 0/8
  1772 | D:2      | XOM: butterfly on damage
  1779 | D:2      | Reached skill level 3 in Spellcasting
  1821 | D:2      | XOM: cloud trail
  1917 | D:2      | XOM: god gift: 23 stones
  2053 | D:2      | XOM: divination: detect items
  2634 | D:3      | XOM: silly message
  2766 | D:3      | XOM: god gift: staff of air
  2901 | D:3      | You fall into a shaft and drop 2 floors!
  2901 | D:5      | Entered Level 5 of the Dungeon
  3013 | D:5      | Noticed Prince Ribbit
  3018 | D:5      | XOM: potion effect (berserk rage)
  3026 | D:5      | XOM: divine lightning
  3037 | D:5      | Noticed a kobold brigand
  3038 | D:5      | XOM: summons 4 friendly demons
  3061 | D:4      | Noticed a necrophage
  3065 | D:4      | Killed a necrophage
  3066 | D:4      | Reached XP level 5. HP: 16/41 MP: 2/10
  3131 | D:4      | XOM: 3-stop teleportation journey
  3235 | D:4      | XOM: god gift: 515 gold pieces
  3279 | D:4      | Noticed an ogre
  3285 | D:4      | Killed an ogre
  3286 | D:4      | Reached skill level 4 in Spellcasting
  3286 | D:4      | Reached XP level 6. HP: 50/50 MP: 3/12
  3430 | D:4      | Found a staircase to the Ecumenical Temple.
  3470 | Temple   | Entered the Ecumenical Temple
  3557 | D:4      | You fall into a shaft and drop 1 floor!
  3557 | D:5      | Identified the +2 buckler of Abima {Slay+3}
  3570 | D:5      | Found a transporter.
  3581 | D:5      | XOM: cleaving
  3583 | D:5      | XOM: 8-stop teleportation journey
  3966 | D:5      | XOM: scenery: summon butterflies
  4232 | D:5      | Identified the ring of Sirghoti {Fly rN++ Int-4}
  4310 | D:5      | Found a glowing golden altar of the Shining One.
  4330 | D:5      | Your scales start taking on a golden yellow colour.
  4330 | D:5      | Reached XP level 7. HP: 57/57 MP: 8/13
  4330 | D:5      | Gained mutation: You are resistant to acid. (rCorr) [Yellow
                  | Draconian growth]
  4336 | D:5      | XOM: confuse monster(s)
  4487 | D:5      | XOM: scenery: summon butterflies
  4544 | D:5      | Killed Prince Ribbit
  4545 | D:5      | Reached skill level 5 in Spellcasting
  4674 | D:5      | Noticed meepyknight's ghost (novice GrFi)
  4675 | D:5      | Found a transporter.
  5089 | D:4      | XOM: silly message
  5292 | D:4      | XOM: god gift: scroll labelled UMAGUZ DOILIZ {god gift}
  5424 | Temple   | Fell from the grace of Xom
  5424 | Temple   | Became a worshipper of Vehumet
  5541 | D:4      | Learned a level 4 spell: Flame Wave
  5583 | D:4      | XOM: give mutations
  5583 | D:4      | Gained mutation: You are clumsy. (Dex -2) [Xom's mischief]
  5583 | D:4      | Gained mutation: You are frail. (-10% HP) [Xom's mischief]
  5583 | D:4      | Gained mutation: You are very frail. (-20% HP) [Xom's
                  | mischief]
  5952 | D:6      | XOM: noise
  5959 | D:6      | Reached skill level 5 in Fire Magic
  5959 | D:6      | Reached XP level 8. HP: 40/52 MP: 4/16
  6391 | D:6      | Found a shadowy altar of Dithmenos.
  6463 | D:6      | XOM: give mutation
  6463 | D:6      | Gained mutation: You are very clumsy. (Dex -4) [Xom's
                  | mischief]
  6490 | D:6      | Found a blossoming altar of Fedhas.
  6554 | D:6      | XOM: give mutations
  6554 | D:6      | Gained mutation: You are extremely frail. (-30% HP) [Xom's
                  | mischief]
  6554 | D:6      | Gained mutation: Your body sometimes deteriorates upon
                  | taking damage. [Xom's mischief]
  6554 | D:6      | Lost mutation: You are very clumsy. (Dex -4) [Xom's
                  | mischief]
  6783 | D:6      | Reached skill level 6 in Spellcasting
  6807 | D:5      | Slain by a yak

Illustrated notes

Levels and vault maps discovered:
D:1:      dpeg_arrival_stone_temple_mockup, layout_rooms,
          ebering_ecumenical_altar_sacrificial
D:2:      layout_rooms, serial_undead, serial_undead_b, serial_undead_d,
          serial_undead_e, serial_undead_b, serial_undead_a, serial_undead_b,
          kennysheep_small_spiral, minmay_tiny_reverse_x
D:3:      layout_basic, gup_sewer_entry_spiral
D:4:      layout_loops_cross, minmay_temple_entry_wispy
D:5:      layout_cave_pools, tso_oasis_becter, gammafunk_ghost_gnarly_gnolls,
          uniq_prince_ribbit1
D:6:      minmay_chambers_of_threes, layout_basic, marbit_many_paths,
          nicolae_dithmenos_through_a_glass_darkly, general_overflow_altar
Temple:   cyrus_circular_temple

Skill      XL: |  1  2  3  4  5  6  7  8 |
---------------+-------------------------+-----
Fighting       | 1 2 3 4 |  4.6
Spellcasting   | 3 4 5 6 |  6.1
Conjurations   | 2 3 4 |  4.9
Fire Magic     | 4 5 |  5.3
Dodging        | |  1.7
Stealth        | |  1.7

Action                   |  1- 3 |  4- 6 |  7- 9 || total
-------------------------+-------+-------+-------++-------
Melee: Unarmed           |    39 |     1 |       ||    40
       Tailslap          |     7 |     3 |       ||    10
       Staff             |       |    24 |    18 ||    42
 Cast: Foxfire           |    74 |    73 |    46 ||   193
       Scorch            |     2 |    23 |    44 ||    69
       Flame Wave        |       |       |     1 ||     1
  Use: Scroll            |       |     2 |     2 ||     4
       Potion            |       |       |     1 ||     1
 Stab: Sleeping          |     1 |       |       ||     1
Armor: Skin              |    20 |    24 |    19 ||    63
Dodge: Dodged            |    53 |    36 |    35 ||   124

Table legend: (Time is in decaauts)
 A = Elapsed time spent in this place.
 B = Non-inter-level travel time spent in this place.
 C = Inter-level travel time spent in this place.
 D = Time resting spent in this place.
 E = Time spent auto-exploring this place.
 F = Levels seen in this place.
 G = Mean time per level.
                   A        B        C        D        E       F      G
               +--------+--------+--------+--------+--------+-----+--------+
         Total |   6850 |   6297 |    553 |    402 |   5008 |   7 |  978.6 |
       Dungeon |   6761 |   6250 |    511 |    402 |   4973 |   6 | 1126.8 |
        Temple |     89 |     47 |     42 |      0 |     35 |   1 |   89.0 |
               +--------+--------+--------+--------+--------+-----+--------+

Top non-repeatable levels by time:
     D:2: 1621 daAuts
     D:6: 1340 daAuts
     D:5: 1318 daAuts
     D:4: 1199 daAuts
     D:1: 912 daAuts
     D:3: 368 daAuts
  Temple: 89 daAuts
